 Dungeon Crawl Stone Soup version 0.28-a0-1624-g820543e53a (webtiles) character file.

Game seed: 4294365999469559946

134 cyrus the Covered (level 4, -7/40 HPs)
             Began as a Minotaur Fighter on Jan 23, 2022.
             Was a Believer of Cheibriados.
             Killed from afar by Sigmund (10 damage)
             ... with a puff of flame
             ... on level 3 of the Dungeon.
             The game lasted 00:10:12 (1937 turns).

cyrus the Covered (Minotaur Fighter)                Turns: 1937, Time: 00:10:13

Health: -7/40      AC:  7    Str: 27    XL:     4   Next: 95%
Magic:  2/3        EV:  9    Int: 13    God:    Cheibriados [**....]
Gold:   52         SH:  0    Dex: 15    Spells: 0/3 levels left

rFire   . . .      SeeInvis .   a - +0 war axe
rCold   . . .      Faith    .   c - +0 buckler
rNeg    . . .      Spirit   .   b - +0 scale mail
rPois   .          Reflect  .   (helmet restricted)
rElec   .          Harm     .   (no cloak)
rCorr   .          Rampage  .   (no gloves)
Will    .....                   (no boots)
Stlth   ..........              (no amulet)
HPRegen 0.13/turn               j - ring of wizardry
MPRegen 0.08/turn               (no ring)

@: confused, mighty, very slow
A: horns 2, retaliatory headbutt
a: Renounce Religion, Bend Time


You were on level 3 of the Dungeon.
You worshipped Cheibriados.
Cheibriados was pleased with you.
You visited 1 branch of the dungeon, and saw 3 of its levels.

You collected 52 gold pieces.

Inventory:

Hand Weapons
 a - a +0 war axe (weapon)
Missiles
 e - 6 silver javelins (quivered)
Armour
 b - a +0 scale mail (worn)
 c - a +0 buckler (worn)
Jewellery
 j - a ring of wizardry (left hand)
 s - a +4 ring of evasion
Wands
 o - a wand of acid (4)
Scrolls
 f - a scroll of brand weapon {unknown}
 g - a scroll of blinking {unknown}
 k - 2 scrolls of teleportation {unknown}
 m - a scroll of identify {unknown}
Potions
 h - a potion of heal wounds {unknown}
 i - a potion of cancellation {unknown}
 l - a potion of degeneration {unknown}
 n - 2 potions of attraction {unknown}
 p - a potion of haste {unknown}
 q - a potion of mutation {unknown}
 r - a potion of lignification {unknown}


   Skills:
 + Level 4.3 Fighting
 + Level 4.4 Axes
 + Level 4.7 Armour
 + Level 0.3 Dodging
 + Level 4.1 Shields


You couldn't memorise any spells.
You knew the following spells:

 Your Spells              Type           Power      Damage    Failure   Level
a - Beastly Appendage     Tmut           0%         N/A       32%         1
b - Wereblood             Tmut           0%         N/A       45%         2

Your spell library contained the following spells:

 Spells                   Type           Power      Damage    Failure   Level
 Spider Form              Tmut/Pois      0%         N/A       67%         3


Dungeon Overview and Level Annotations

Branches:
Dungeon (3/15)

Altars:
Cheibriados
Yredelemnul

Annotations:
D:3 Sigmund


Innate Abilities, Weirdness & Mutations

You have a pair of horns on your head.
You reflexively headbutt those who attack you in melee.


Message History

The bolt of acid hits the quokka!!
You kill the quokka!
Cheibriados thoroughly appreciates the change of pace.
The bolt of acid hits the orc priest!
The acid corrodes the orc priest!
You kill the orc priest!
Cheibriados appreciates the change of pace.
The bolt of acid hits the orc!
You kill the orc!
Cheibriados appreciates the change of pace.
Cheibriados raises the support of your attributes as your movement slows.
Something hits you.
Your Axes skill increases to level 4!
Aiming: Corrosive Bolt
Press: ? - help, Q - select action, (/) - cycle Shift-Dir - straight line Your magical contamination has completely faded away.
Unknown command.
Something hits you.
You see here a quokka corpse.
Something hits you.
You hear some strange, mumbled words.
Something tries to affect you, but you resist.
Something hits you!
* * * LOW HITPOINT WARNING * * *
You start resting.
Something hits you.
* * * LOW HITPOINT WARNING * * *
You start resting.
There is a strange disturbance nearby!
Something hits you but does no damage.
You barely miss something. You block something's attack.
You slash something!
You hear some strange, mumbled words.
You are confused.
You are too confused!
Something hits you but does no damage.
You bump into the rock wall.
You hear some strange, mumbled words.
A puff of flame appears from out of thin air!
The puff of flame hits you!
You die...

#......#.†.........#
######.####.####.###
####...#..........
#...###.#.####..†.
#..## .. #.[.. #.##
.# #.... #.# # #....
#.## ##.## #@.## #.#
#..{# #.# ####)).#
#.# ...# #.# .....
#.# ...<... ...
....... .......
...####


There were no monsters in sight!

Vanquished Creatures
  An orc priest (D:3)
  An orc wizard (D:3)
  2 adders
  A worm (D:2)
  5 orcs (D:3)
  9 bats
  3 endoplasms
  3 giant cockroaches
  3 goblins
  3 hobgoblins (D:1)
  4 quokkas
  7 ball pythons
  4 frilled lizards
  A kobold (D:2)
  6 rats
53 creatures vanquished.

Vanquished Creatures (others)
  4 toadstools (D:1)
4 creatures vanquished.

Grand Total: 57 creatures vanquished

Notes
Turn   | Place    | Note
-------+----------+-------------------------------------------
     0 | D:1      | cyrus the Minotaur Fighter began the quest for the Orb.
     0 | D:1      | Reached XP level 1. HP: 19/19 MP: 0/0
   159 | D:1      | Found a faded altar of an unknown god.
   167 | D:1      | Reached XP level 2. HP: 23/27 MP: 1/1
   175 | D:1      | Prayed at the altar of an unknown god.
   175 | D:1      | Became a worshipper of Cheibriados the Contemplative
   175 | D:1      | Reached * piety under Cheibriados
   880 | D:1      | Learned a level 1 spell: Beastly Appendage
  1185 | D:2      | Reached ** piety under Cheibriados
  1253 | D:2      | Reached XP level 3. HP: 32/33 MP: 2/2
  1384 | D:2      | Found a basalt altar of Yredelemnul.
  1846 | D:3      | Reached XP level 4. HP: 38/40 MP: 3/3
  1862 | D:3      | Learned a level 2 spell: Wereblood
  1918 | D:3      | Noticed Sigmund
  1931 | D:3      | HP: 2/40 [something (5)]
  1937 | D:3      | Killed from afar by Sigmund

Illustrated notes

Levels and vault maps discovered:
D:1:      ldierk_water_garden, layout_loops_corners,
          ebering_ecumenical_altar_mist
D:2:      layout_loops_ring, basic_altar, hangedman_decor_push
D:3:      layout_loops_cross, st_stairs_7, minmay_unequal,
          uniq_crazy_yiuf_cottage, uniq_sigmund, uniq_grinder

Skill      XL: |  1  2  3  4 |
---------------+-------------+-----
Shields        | 4 |  4.1
Armour         | 4 |  4.7
Fighting       | 4 |  4.3
Axes           | 3 4 |  4.4
Dodging        | |  0.3

Action                   |  1- 3 |  4- 6 || total
-------------------------+-------+-------++-------
Melee: War axe           |    75 |    11 ||    86
       Headbutt          |     8 |     1 ||     9
 Cast: Beastly Appendage |     1 |       ||     1
       Wereblood         |       |     1 ||     1
Evoke: Wand              |       |     2 ||     2
  Use: Scroll            |     1 |       ||     1
       Potion            |       |     1 ||     1
Armor: Scale mail        |    50 |     8 ||    58
Dodge: Dodged            |    57 |     5 ||    62
Block: Buckler           |    26 |     4 ||    30

Table legend: (Time is in decaauts)
 A = Elapsed time spent in this place.
 B = Non-inter-level travel time spent in this place.
 C = Inter-level travel time spent in this place.
 D = Time resting spent in this place.
 E = Time spent auto-exploring this place.
 F = Levels seen in this place.
 G = Mean time per level.
                   A        B        C        D        E       F      G
               +--------+--------+--------+--------+--------+-----+--------+
         Total |   2641 |   2641 |      0 |      2 |   1947 |   3 |  880.3 |
       Dungeon |   2641 |   2641 |      0 |      2 |   1947 |   3 |  880.3 |
               +--------+--------+--------+--------+--------+-----+--------+

Top non-repeatable levels by time:
     D:1: 1347 daAuts
     D:2: 974 daAuts
     D:3: 319 daAuts
